 Dungeon Crawl Stone Soup version 0.29.1-2-gbd0b4ee654 (webtiles) character file.

Game seed: 972641908629191708

126868 safid the Crack Shot (level 16, -2/145 HPs)
             Began as a Minotaur Hunter on Oct 28, 2022.
             Was the Champion of Okawaru.
             Slain by a naga warrior
             ... wielding a +0 short sword
              (33 damage)
             ... on level 2 of the Snake Pit.
             The game lasted 01:14:20 (24282 turns).

safid the Crack Shot (Minotaur Hunter)             Turns: 24282, Time: 01:14:20

Health: -2/145     AC: 29    Str: 27    XL:     16   Next: 44%
Magic:  14/21      EV: 20    Int:  6    God:    Okawaru [******]
Gold:   718        SH:  0    Dex: 22    Spells: 13/15 levels left

rFire   . . .      SeeInvis .   e - +6 longbow "Heprom" {venom, rC+ Str+4}
rCold   + . .      Faith    .   (shield currently unavailable)
rNeg    + . .      Spirit   .   a - +5 scale mail "Camaqud" {rElec rN+ Str+4}
rPois   +          Reflect  .   x - +2 hat {Stlth+}
rElec   +          Harm     .   L - +0 cloak
rCorr   .          Rampage  .   S - +2 pair of gloves {Dex+3}
Will    +....                   B - +1 pair of boots
Stlth   +++.......              k - amulet of regeneration
HPRegen 1.14/turn               h - ring of poison resistance
MPRegen 0.17/turn               z - +4 ring of protection

@: heroic, finesse-ful, slowed, constricted, very slow
A: horns 2, retaliatory headbutt
a: Renounce Religion, Heroism, Finesse, Duel


You were on level 2 of the Snake Pit.
You worshipped Okawaru.
Okawaru was exalted by your worship.
You visited 5 branches of the dungeon, and saw 25 of its levels.
You also visited: Ice Cave.

You collected 2087 gold pieces.
You spent 1369 gold pieces at shops.

Inventory:

Hand Weapons
 e - the +6 longbow "Heprom" (weapon) {venom, rC+ Str+4}
   (You bought it in a shop on level 8 of the Dungeon)

   Any ammunition fired from it poisons the flesh of those it strikes.
   Str:       It affects your strength (+4).
   rC:        It protects you from cold.
 y - a +2 longbow of flaming
 J - the +7 shortbow "Doraacsy" {freeze, rN+}
   (Okawaru gifted it to you on level 1 of the Lair of Beasts)

   Any ammunition fired from it freezes those it strikes, dealing additional
   cold damage.
   It can also slow down cold-blooded creatures.
   rN:        It protects you from negative energy.
Missiles
 q - 4 javelins
 A - 6 silver javelins
 C - 2 silver boomerangs
Armour
 a - the +5 scale mail "Camaqud" (worn) {rElec rN+ Str+4}
   (You acquired it on level 6 of the Dungeon)

   Str:       It affects your strength (+4).
   rElec:     It insulates you from electricity.
   rN:        It protects you from negative energy.
 x - a +2 hat of stealth (worn)
 B - a +1 pair of boots (worn)
 L - a +0 cloak (worn)
 N - the +3 scale mail of the Past {rPois}
   (Okawaru gifted it to you in an ice cave)

   rPois:     It protects you from poison.
 S - a +2 pair of gloves of dexterity (worn)
Jewellery
 c - a ring of resist corrosion
 h - a ring of poison resistance (left hand)
 k - an amulet of regeneration (around neck)
 m - a ring of willpower
 s - a ring of ice
 t - a ring of protection from fire
 z - a +4 ring of protection (right hand)
 O - the ring of Catil {Fire rN+}
   (You found it on level 3 of the Lair of Beasts)

   [ring of fire]

   It enhances your fire magic.
   rF:        It protects you from fire.
   rC:        It makes you vulnerable to cold.
   rN:        It protects you from negative energy.
Wands
 b - a wand of iceblast (30)
 j - a wand of mindburst (16)
 l - a wand of polymorph (16)
 r - a wand of flame (24)
 w - a wand of paralysis (20)
 P - a wand of digging (14)
 R - a wand of quicksilver (6)
Scrolls
 o - 2 scrolls of enchant armour
 p - 4 scrolls of magic mapping
 u - a scroll of brand weapon
 D - 4 scrolls of teleportation
 E - 2 scrolls of fog
 F - a scroll of identify
 I - 4 scrolls of blinking
 K - a scroll of silence
 U - a scroll of enchant weapon
Potions
 d - 3 potions of invisibility
 g - 10 potions of curing
 i - 5 potions of flight
 n - 5 potions of cancellation
 G - 2 potions of haste
 H - 2 potions of might
 M - 2 potions of mutation
 Q - a potion of resistance
 V - a potion of lignification
Miscellaneous
 f - a condenser vane


   Skills:
 + Level 13.8(18.8) Fighting
 + Level 23.1(27) Ranged Weapons
 + Level 11.9(16.9) Armour
 + Level 11.4(16.4) Dodging
 - Level 0.7(5.7) Stealth
 + Level 5.4 Translocations
 - Level 9.0 Invocations


You had 13 spell levels left.
You knew the following spells:

 Your Spells              Type           Power      Damage    Failure   Level
a - Blink                 Tloc           12%        N/A       14%         2

Your spell library contained the following spells:

 Spells                   Type           Power      Damage    Failure   Level
 Lesser Beckoning         Tloc           6%         N/A       26%         3
 Sandblast                Erth           0%         2d4       63%         1
 Portal Projectile        Hex/Tloc       6%         N/A       63%         3
 Passage of Golubria      Tloc           6%         N/A       65%         4
 Ensorcelled Hibernation  Hex/Ice        0%         N/A       77%         2
 Passwall                 Tmut/Erth      0%         N/A       77%         2
 Scorch                   Fire           0%         2d5       77%         2
 Dazzling Flash           Conj/Hex       0%         N/A       94%         3
 Frozen Ramparts          Ice            0%         1d1       94%         3
 Spider Form              Tmut/Pois      0%         N/A       94%         3
 Stone Arrow              Conj/Erth      0%         3d7       94%         3
 Swiftness                Air            0%         N/A       94%         3
 Manifold Assault         Tloc           6%         N/A       94%         5
 Anguish                  Hex/Necr       0%         N/A       100%        4
 Flame Wave               Conj/Fire      0%         2d4       100%        4
 Ice Form                 Ice/Tmut       0%         N/A       100%        4
 Sticky Flame             Conj/Fire      0%         2d3       100%        4
 Agony                    Necr           0%         N/A       100%        5
 Alistair's Intoxication  Tmut/Pois      0%         N/A       100%        5
 Blade Hands              Tmut           0%         N/A       100%        5
 Borgnjor's Vile Clutch   Necr/Erth      0%         N/A       100%        5
 Freezing Cloud           Conj/Ice/Air   0%         6-21      100%        5
 Lee's Rapid Deconstruct  Erth           0%         3d5*      100%        5
 Silence                  Hex/Air        0%         N/A       100%        5
 Yara's Violent Unravell  Hex/Tmut       0%         3d3       100%        5
 Eringya's Noxious Bog    Tmut/Pois      0%         N/A       100%        6
 Iron Shot                Conj/Erth      0%         9d1       100%        6
 Statue Form              Tmut/Erth      0%         N/A       100%        6
 Storm Form               Tmut/Air       0%         N/A       100%        7
 Lehudib's Crystal Spear  Conj/Erth      0%         10d2      100%        8
 Polar Vortex             Ice            0%         N/A       100%        9
 Tukima's Dance           Hex            Unusable   N/A       N/A         3
 Animate Armour           Summ/Erth      Unusable   N/A       N/A         4
 Summon Ice Beast         Ice/Summ       Unusable   N/A       N/A         4
 Summon Forest            Summ/Tloc      Unusable   N/A       N/A         5
 Simulacrum               Ice/Necr       Unusable   N/A       N/A         6
 Summon Cactus Giant      Summ           Unusable   N/A       N/A         6
 Summon Horrible Things   Summ           Unusable   N/A       N/A         8

Dungeon Overview and Level Annotations

Branches:
Dungeon (15/15)            Temple (1/1) D:6            Lair (5/5) D:8
 Shoals (0/4) Lair:2        Snake (2/4) Lair:3        Slime (0/5) Lair:4
    Orc (2/2) D:9             Elf (0/3) Orc:2        Vaults (0/5) D:13
 Depths (0/4) D:15          IceCv (visited)

Altars:
Ashenzari
Cheibriados
Dithmenos
Elyvilon
Fedhas
Gozag
Hepliaklqana
Kikubaaqudgha
Makhleb
Nemelex Xobeh
Okawaru
Qazlal
Ru
Sif Muna
Trog
Uskayaw
Vehumet
Wu Jian
Xom
Yredelemnul
Zin
The Shining One
Jiyva

Shops:
D:6 (   D:8 !:=:(   D:9 [   D:10 :   Orc:2 ?**=   Snake:1 (

Annotations:
D:5 1 runed translucent door, Crazy Yiuf
D:15 2 transporters, Ytergh's ghost, journeyman MiFi
Lair:5 2 runed translucent doors
Snake:2 Saint Roka


Innate Abilities, Weirdness & Mutations

You have a pair of horns on your head.
You reflexively headbutt those who attack you in melee.


Message History

You are too injured to fight recklessly!
Unknown command.
You gain the combat prowess of a mighty hero.
The naga warrior roars a battlecry!
The naga warrior goes into a battle-frenzy!
The salamander barely misses you.
The guardian serpent closely misses you.
The naga warrior barely misses you. The naga warrior constricts you.
Unknown command.
You can now deal lightning-fast blows.
The guardian serpent misses you.
The naga warrior hits you with a +0 short sword!
The salamander completely misses you. The naga warrior spits poison at you.
The splash of poison misses you. The naga warrior constricts you.
The guardian serpent casts a spell at you.
You feel yourself slow down.
Unknown command.
You feel much better. The naga warrior closely misses you.
You furiously retaliate!
You headbutt the naga warrior!
The salamander hits you but does no damage.
The guardian serpent hits you. The naga warrior misses you.
The naga warrior constricts you. The salamander barely misses you.
The naga warrior barely misses you. You furiously retaliate!
You headbutt the naga warrior, but do no damage.
The guardian serpent closely misses you.
You furiously retaliate!
You headbutt the guardian serpent!
Fire: e) +6 longbow "Heprom" {venom, rC+ Str+4}
Press: ? - help, Q - select action, (/) - cycle Shift-Dir - straight line, f - guardian serpent, p - naga warrior
Aim: a guardian serpent (heavily wounded, 72% to hit)
You shoot an arrow. The arrow hits the guardian serpent!
The guardian serpent is almost dead.
The naga warrior hits you but does no damage.
The naga warrior constricts you.
The guardian serpent closely misses you.
The salamander hits you from afar with a +0 halberd!
You are engulfed in flames!
* * * LOW HITPOINT WARNING * * *
The naga warrior hits you with a +0 short sword!!
You die...

######## #...##..
####...##.. #... ########
####..........
####......##...#
##....###...#..
...#...##.##...####.†####
#.....#
.......##.##†).#NN..##
##...## .....##.#...NS@####
#...# ...##.....####
####.### #####.#.....†..#
#..>.# ##.....).##..)..#
###....# #....#.######...#
###.....##
.......)S.###.####
#...##...#
#...##.##..##.§..#
#...##...# ..#
#..###.##....####<..##...##
.
#.##......N.o?.###.####...#


You could see 2 naga warriors, a salamander (strong) and a guardian serpent.

Vanquished Creatures
  Jorgrun (Orc:2)
  Kirke (D:14)
  Louise (Snake:1)
  An orc warlord (Orc:2)
  A very ugly thing (D:15)
  Nessos (D:12)
  Fannar (Orc:1)
  A rakshasa (D:15)
  6 hydras
  2 boulder beetles
  7 centaur warriors
  An ogre mage (D:13)
  4 two-headed ogres
  A catoblepas (D:15)
  3 tengu warriors
  A death knight (D:15)
  3 anacondas
  6 naga warriors
  2 death yaks
  An orc high priest (Orc:2)
  8 naga sharpshooters
  A fire crab (shapeshifter) (D:15)
  The ghost of MaxHasHax6295 the Cleaver, a novice MiBe of Trog (D:8)
  Amaemon (D:7)
  2 salamander mystics
  9 skeletal warriors
  A naga ritualist (Snake:1)
  A glowing orange brain (D:15)
  Pikel (D:8)
  3 mana vipers (Snake:1)
  2 phantasmal warriors (D:15)
  A deep elf pyromancer (D:15)
  12 ugly things
  3 salamanders (Snake:1)
  A manticore (D:14)
  5 cyclopes
  15 elephants
  7 orc sorcerers
  2 guardian serpents
  23 black mambas
  An orange demon (D:8)
  10 naga magi (Snake:1)
  A gargoyle (D:10)
  4 torpor snails
  4 molten gargoyles
  2 unseen horrors
  An ice statue (IceCv)
  12 cane toads
  Maggie (D:6)
  A kobold demonologist (D:13)
  4 rime drakes
  3 tengu conjurers
  11 komodo dragons
  2 freezing wraiths (D:14)
  4 trolls
  9 polar bears
  17 blink frogs
  17 slime creatures
  Grinder (D:5)
  A snapping turtle (Lair:2)
  Sigmund (D:4)
  2 shadows
  A jumping spider (shapeshifter) (D:15)
  A vampire (D:13)
  4 wraiths
  8 wyverns
  A ynoxinul (D:8)
  5 water elementals (D:15)
  84 yaks
  A human (D:14)
  9 basilisks
  2 hogs (D:14)
  A steam dragon (D:8)
  32 nagas
  3 wargs
  4 hell hounds (Lair:5)
  2 acid dragons (D:11)
  10 water moccasins
  23 orc warriors
  An ice beast (D:7)
  A sky beast (D:6)
  11 centaurs
  25 wolves
  5 ogres
  A phantom (D:5)
  A lemure (D:8)
  2 necrophages
  Blork the orc (D:4)
  7 bullfrogs
  A gnoll sergeant (D:8)
  4 wights
  14 killer bees
  3 electric eels
  6 howler monkeys
  7 lava snakes
  18 orc priests
  2 hounds (D:7)
  5 jellies
  5 iguanas
  28 orc wizards
  11 hell rats
  5 gnolls
  4 adders
  2 ufetubi
  2 worms
  4 dart slugs
  57 orcs
  5 ball pythons
  6 endoplasms
  5 giant cockroaches
  8 goblins
  6 hobgoblins
  5 jackals
  6 kobolds
  5 quokkas
  4 bats
  A frilled lizard (D:3)
  3 rats
731 creatures vanquished.

Vanquished Creatures (others)
  A death yak (IceCv)
  A fire crab (Lair:5)
  An orc wizard (Orc:1)
  7 bushes (Lair:4)
  37 fungi
  40 plants
  4 toadstools (D:13)
91 creatures vanquished.

Grand Total: 822 creatures vanquished

Notes
Turn   | Place    | Note
-------+----------+-------------------------------------------
     0 | D:1      | safid the Minotaur Hunter began the quest for the Orb.
     0 | D:1      | Reached XP level 1. HP: 18/18 MP: 0/0
   243 | D:1      | Reached XP level 2. HP: 26/26 MP: 1/1
  1003 | D:2      | Reached XP level 3. HP: 31/31 MP: 2/2
  1012 | D:2      | Reached skill level 5 in Ranged Weapons
  1117 | D:2      | Identified the +0 leather armour "Ysibraki" {rCorr Int-3
                  | Slay+2}
  1244 | D:2      | Reached XP level 4. HP: 7/40 MP: 3/3
  1786 | D:3      | Reached XP level 5. HP: 22/47 MP: 4/4
  1895 | D:3      | Reached skill level 5 in Fighting
  1895 | D:3      | Reached skill level 6 in Ranged Weapons
  1932 | D:3      | Found a glowing silver altar of Zin.
  1986 | D:3      | Found a faded altar of an unknown god.
  2281 | D:3      | Found a hide-covered altar of Uskayaw.
  2308 | D:3      | Found a hazy altar of Hepliaklqana.
  2544 | D:4      | Noticed Blork the orc
  2554 | D:4      | Reached XP level 6. HP: 33/57 MP: 5/5
  2559 | D:4      | Killed Blork the orc
  2631 | D:4      | Reached skill level 7 in Ranged Weapons
  2662 | D:4      | Noticed Sigmund
  2682 | D:4      | Killed Sigmund
  2683 | D:4      | Reached XP level 7. HP: 18/64 MP: 6/6
  3021 | D:5      | Entered Level 5 of the Dungeon
  3040 | D:5      | Noticed a yak
  3071 | D:5      | HP: 2/66 [yak (4)]
  3086 | D:5      | HP: 4/99 [yak (10)]
  3089 | D:5      | Killed a yak
  3206 | D:5      | Found a runed translucent door.
  3207 | D:5      | Noticed Crazy Yiuf
  3340 | D:5      | Noticed a yak
  3361 | D:5      | Noticed a yak
  3460 | D:5      | Noticed Grinder
  3468 | D:5      | Killed Grinder
  3469 | D:5      | Reached skill level 8 in Ranged Weapons
  3547 | D:5      | Reached XP level 8. HP: 74/74 MP: 7/7
  3773 | D:5      | Reached skill level 9 in Ranged Weapons
  3952 | D:6      | Reached skill level 10 in Ranged Weapons
  4557 | D:6      | Found a staircase to the Ecumenical Temple.
  4574 | Temple   | Entered the Ecumenical Temple
  4751 | Temple   | Became a worshipper of Warmaster Okawaru
  4929 | D:6      | Reached skill level 11 in Ranged Weapons
  5000 | D:6      | Noticed Maggie
  5014 | D:6      | Killed Maggie
  5116 | D:6      | Found Fengabomuo's Weapon Emporium.
  5119 | D:6      | Bought a +0 arbalest for 54 gold pieces
  5146 | D:6      | Identified a scroll of acquirement
  5147 | D:6      | Acquired the +5 scale mail "Camaqud" {rElec rN+ Str+4}
  5260 | D:7      | Reached XP level 9. HP: 81/81 MP: 8/8
  5346 | D:7      | Reached skill level 12 in Ranged Weapons
  5591 | D:7      | Reached * piety under Okawaru
  6013 | D:8      | Noticed an orange demon
  6017 | D:8      | Noticed Amaemon
  6020 | D:8      | Killed an orange demon
  6021 | D:8      | Reached skill level 13 in Ranged Weapons
  6108 | D:8      | Found Jerphanacw's Jewellery Shoppe.
  6143 | D:8      | Reached ** piety under Okawaru
  6190 | D:8      | Found a snail-covered altar of Cheibriados.
  6225 | D:8      | Found Durchyele's Book Emporium.
  6264 | D:8      | Found Oxenlon's Distillery.
  6274 | D:8      | Bought a potion of curing for 48 gold pieces
  6274 | D:8      | Bought a potion of curing for 48 gold pieces
  6274 | D:8      | Bought a potion of heal wounds for 80 gold pieces
  6335 | D:8      | Found Tanip's Book Emporium.
  6351 | D:8      | Found a runed translucent door.
  6351 | D:8      | Noticed MaxHasHax6295's ghost (novice MiBe)
  6414 | D:8      | Found a staircase to the Lair.
  6475 | D:7      | Killed Amaemon
  6476 | D:7      | Reached skill level 14 in Ranged Weapons
  6589 | D:8      | Found Luinti's Antique Weapon Shop.
  6674 | D:8      | Noticed Pikel
  6679 | D:8      | Killed Pikel
  6679 | D:8      | Reached *** piety under Okawaru
  6680 | D:8      | Reached XP level 10. HP: 88/88 MP: 9/9
  6695 | D:8      | Reached skill level 15 in Ranged Weapons
  7008 | D:9      | Reached **** piety under Okawaru
  7013 | D:9      | Received a gift from Okawaru
  7014 | D:9      | Reached skill level 16 in Ranged Weapons
  7395 | D:9      | Found a staircase to the Orcish Mines.
  7399 | D:9      | Found Jiyf's Armour Boutique.
  7453 | D:9      | Noticed a green ugly thing
  7464 | D:9      | Killed a green ugly thing
  7701 | D:10     | Entered Level 10 of the Dungeon
  7743 | D:10     | Reached skill level 17 in Ranged Weapons
  7752 | D:10     | Noticed a two-headed ogre
  7761 | D:10     | Killed a two-headed ogre
  7761 | D:10     | Reached ***** piety under Okawaru
  7761 | D:10     | Received a gift from Okawaru
  7806 | D:10     | Noticed a gargoyle
  7807 | D:10     | Killed a gargoyle
  7808 | D:10     | Reached XP level 11. HP: 94/94 MP: 10/10
  7947 | D:10     | Found Udoydapp's Book Emporium.
  8198 | Lair:1   | Entered Level 1 of the Lair of Beasts
  8244 | Lair:1   | Identified the +7 shortbow "Doraacsy" {freeze, rN+}
                  | (Okawaru gifted it to you on level 1 of the Lair of Beasts)
  8244 | Lair:1   | Received a gift from Okawaru
  8440 | Lair:1   | Reached skill level 18 in Ranged Weapons
  8443 | Lair:1   | Reached skill level 1 in Armour
  8586 | Lair:1   | Reached skill level 1 in Invocations
  9227 | Lair:2   | Found a frozen archway.
  9230 | Lair:2   | Noticed a four-headed hydra
  9237 | Lair:2   | Killed a four-headed hydra
  9265 | IceCv    | Entered an ice cave
  9439 | IceCv    | Reached skill level 5 in Dodging
  9439 | IceCv    | Reached ****** piety under Okawaru
  9442 | IceCv    | Identified the +3 scale mail of the Past {rPois} (Okawaru
                  | gifted it to you in an ice cave)
  9442 | IceCv    | Received a gift from Okawaru
  9580 | IceCv    | Reached skill level 5 in Armour
  9583 | IceCv    | Reached XP level 12. HP: 105/105 MP: 14/14
  9887 | IceCv    | Reached skill level 10 in Fighting
 10048 | IceCv    | Reached skill level 5 in Invocations
 10150 | IceCv    | Noticed a death yak
 10150 | IceCv    | Noticed a death yak
 10150 | IceCv    | Noticed a frost giant
 10150 | IceCv    | Noticed a death yak
 10150 | IceCv    | Noticed a death yak
 10210 | IceCv    | Killed a death yak
 10364 | IceCv    | Killed a death yak
 10614 | D:8      | Bought a slimy longbow for 402 gold pieces
 10614 | D:8      | Identified the +6 longbow "Heprom" {venom, rC+ Str+4} (You
                  | bought it in a shop on level 8 of the Dungeon)
 10871 | Lair:2   | Identified the +14 crystal plate armour of the Shore {rN+
                  | Int+2} (Okawaru gifted it to you on level 2 of the Lair of
                  | Beasts)
 10871 | Lair:2   | Received a gift from Okawaru
 11337 | Lair:2   | Found a staircase to the Shoals.
 11643 | Lair:3   | Identified the ring of Catil {Fire rN+}
 11679 | Lair:3   | Reached XP level 13. HP: 116/116 MP: 16/16
 12293 | Lair:3   | Found a staircase to the Snake Pit.
 12574 | Lair:4   | You fall into a shaft and drop 1 floor!
 12574 | Lair:5   | Entered Level 5 of the Lair of Beasts
 13161 | Lair:4   | Received a gift from Okawaru
 13244 | Lair:4   | Reached skill level 19 in Ranged Weapons
 13302 | Lair:4   | Found a viscous altar of Jiyva.
 13302 | Lair:4   | Found a staircase to the Slime Pits.
 14001 | Lair:5   | Received a gift from Okawaru
 14173 | Lair:5   | Reached skill level 20 in Ranged Weapons
 14298 | Lair:5   | Reached XP level 14. HP: 126/126 MP: 19/19
 14306 | Lair:5   | Received a gift from Okawaru
 14901 | Lair:5   | Found a large runed translucent door.
 14901 | Lair:5   | Found a large runed translucent door.
 15291 | Orc:1    | Entered Level 1 of the Orcish Mines
 15385 | Orc:1    | Noticed Fannar
 15394 | Orc:1    | Killed Fannar
 15395 | Orc:1    | Reached skill level 21 in Ranged Weapons
 15508 | Orc:2    | Entered Level 2 of the Orcish Mines
 15775 | Orc:2    | Found Nidaxir's Magic Scroll Shop.
 15775 | Orc:2    | Found Ahuric's General Store.
 15787 | Orc:2    | Found Fuejuc's Jewellery Boutique.
 15791 | Orc:2    | Found Merooluu's Assorted Antiques.
 15825 | Orc:2    | Found a staircase to the Elven Halls.
 15855 | Orc:2    | Noticed an orc warlord
 15998 | Orc:2    | Killed an orc warlord
 16599 | Orc:1    | Noticed Jorgrun
 16618 | Orc:2    | HP: 1/126 [constriction (11)]
 16619 | Orc:2    | Killed Jorgrun
 16734 | Orc:1    | Reached skill level 22 in Ranged Weapons
 16867 | Orc:2    | Bought a scroll of fear for 52 gold pieces
 16868 | Orc:2    | Bought a scroll of fear for 52 gold pieces
 16871 | Orc:2    | Bought a scroll of teleportation for 39 gold pieces
 17083 | D:11     | Received a gift from Okawaru
 17244 | D:8      | Bought a book of Spatial Translocations for 338 gold pieces
 17247 | D:8      | Learned a level 2 spell: Blink
 17279 | D:8      | Killed MaxHasHax6295's ghost
 17293 | D:8      | Got Mueq's Essays on the Caves
 17874 | D:11     | Reached skill level 1 in Translocations
 18082 | D:8      | Bought a potion of attraction for 48 gold pieces
 18082 | D:8      | Bought a potion of lignification for 48 gold pieces
 18082 | D:8      | Bought a potion of haste for 160 gold pieces
 18249 | D:12     | Noticed Nessos
 18259 | D:12     | Killed Nessos
 18860 | D:12     | Reached XP level 15. HP: 121/132 MP: 20/20
 18903 | D:13     | Found a gate to the Vaults.
 19137 | D:13     | Identified the +1 animal skin "Silig" {*Slow +Inv rN+
                  | Will+} (Okawaru gifted it to you on level 13 of the
                  | Dungeon)
 19137 | D:13     | Received a gift from Okawaru
 19668 | D:14     | Noticed Kirke
 19676 | D:14     | Killed Kirke
 19897 | D:14     | Reached skill level 10 in Armour
 19925 | D:14     | Got the Treatise on Illusion and Flames
 20302 | D:15     | Entered Level 15 of the Dungeon
 20586 | D:15     | Reached skill level 10 in Dodging
 20910 | D:15     | Found a transporter.
 20919 | D:15     | Found a bloodstained altar of Trog.
 20919 | D:15     | Noticed Ytergh's ghost (journeyman MiFi)
 20924 | D:15     | Found a transporter.
 21116 | D:15     | Received a gift from Okawaru
 21666 | D:15     | Found a staircase to the Depths.
 22296 | Snake:1  | Entered Level 1 of the Snake Pit
 22370 | Snake:1  | Received a gift from Okawaru
 22565 | Snake:1  | Reached XP level 16. HP: 122/144 MP: 21/21
 22779 | Snake:1  | Noticed Louise
 22800 | Snake:1  | Killed Louise
 22985 | Snake:1  | Identified the +7 morningstar of Understanding {drain,
                  | Int+3} (Okawaru gifted it to you on level 1 of the Snake
                  | Pit)
 22985 | Snake:1  | Received a gift from Okawaru
 23215 | Snake:1  | Reached skill level 5 in Translocations
 23276 | Snake:1  | Found Jost's Weapon Emporium.
 23415 | Snake:1  | Reached skill level 23 in Ranged Weapons
 24138 | Snake:2  | Noticed Saint Roka
 24282 | Snake:2  | Slain by a naga warrior

Illustrated notes

Levels and vault maps discovered:
D:1:      dpeg_arrival_refuge, layout_basic, ebering_dispersal_statue_hall
D:2:      layout_rooms
D:3:      layout_loops_cross, zin_scriptorium, mainiacjoe_overflow_swirl,
          basic_ecumenical_altar
D:4:      layout_cave_pools, uniq_sigmund, uniq_blork_the_orc
D:5:      layout_rooms, uniq_crazy_yiuf_cottage, uniq_grinder
D:6:      layout_loops_corners, minmay_temple_entry_glassed_door, serial_shops,
          kennysheep_mini_moat, uniq_maggie
D:7:      layout_basic, columned_hall_lemuel, minmay_misc_feat_secret_circle
D:8:      layout_cave_pools, mainiacjoe_overflow_24_doors, lair_entry_dummy,
          hellmonk_ghost_big_iron, serial_shops,
          nicolae_shop_overgrown_old_shop, nicolae_shop_window_shopping,
          nicolae_shop_statue_plus, shop, nicolae_lakefront_shop,
          kennysheep_generic_room_14, uniq_pikel, uniq_amaemon
D:9:      layout_cave_pods, orc_david_3, nicolae_elevator_lobby_plus
D:10:     layout_rooms, serial_shops, shop, nicolae_straight_to_the_point
D:11:     layout_gridville, minmay_microvault
D:12:     layout_roguey, uniq_nessos
D:13:     layout_roguey, david_vaults_2, minmay_gold_behind_fungi
D:14:     layout_rooms, uniq_kirke
D:15:     gammafunk_enter_depths_forms, layout_basic,
          gammafunk_ghost_wrathful_warriors, minmay_misc_feat_ornament
Temple:   dpeg_five_rooms_temple
Lair:1:   layout_regular_city, serial_bayou_shore_a
Lair:2:   layout_regular_city, minmay_shoals_entry_hut,
          portal_ice_cave_entry_pillars_1, grunt_megastairs_4,
          lemuel_fruit_fields
Lair:3:   layout_regular_city, guppyfry_snake_entry_island
Lair:4:   layout_regular_city, dpeg_slime_entry_corner, minmay_hedge_maze,
          chequers_serial_rivers_micro_d
Lair:5:   cheibrodos_lair_end_hotspot, layout_misc_corridors,
          minmay_shattered_shrine
Snake:1:  layout_layer_cave, serial_shops, shop_statue, drop_trap,
          grunt_megastairs_1, serial_bayou_shore_b, uniq_louise
Snake:2:  layout_misc_corridors, ebering_ghost_gozag, uniq_saint_roka
Orc:1:    layout_diamond_mine, uniq_fannar, uniq_jorgrun
Orc:2:    st_orc_mages, layout_caves, basic_altar

Skill      XL: |  1  2  3  4  5  6  7  8  9 10 11 12 13 14 15 16 |
---------------+-------------------------------------------------+-----
Fighting       | 3 4 5 6 8 9 11 12 13 | 13.8
Ranged Weapons | 5 6 7 8 11 14 17 18 20 22 23 | 23.1
Armour         | 5 7 8 9 11 | 11.9
Invocations    | 4 6 9 |  9.0
Dodging        | 5 7 8 9 10 11 | 11.4
Translocations | 2 4 5 |  5.4
Stealth        | |  0.7

Action                   |  1- 3 |  4- 6 |  7- 9 | 10-12 | 13-15 | 16-18 || total
-------------------------+-------+-------+-------+-------+-------+-------++-------
Melee: Shortbow          |       |     1 |       |       |       |       ||     1
       Longbow           |       |       |       |       |     6 |       ||     6
       Headbutt          |       |       |       |       |     4 |       ||     4
 Fire: Shortbow          |   109 |   171 |   205 |   332 |    18 |       ||   835
       Arbalest          |       |       |   117 |   139 |       |       ||   256
       Longbow           |       |       |       |   165 |  1564 |   350 ||  2079
Invok: Heroism           |       |       |     1 |       |     3 |     2 ||     6
       Finesse           |       |       |       |       |    11 |     2 ||    13
  Use: Potion            |       |       |     9 |     2 |     8 |     2 ||    21
       Scroll            |       |       |     9 |     5 |    17 |     3 ||    34
Armor: Scale mail        |    39 |    45 |   129 |   174 |   484 |    45 ||   916
       Skin              |       |       |     7 |       |       |       ||     7
Dodge: Dodged            |    50 |    56 |   110 |   188 |   482 |   114 ||  1000
